 Dungeon Crawl Stone Soup version 0.31.0 (webtiles) character file.

Game seed: 11461366927783983925

12628 SnakkuSnakku7 the Basher (level 12, -4/145 HPs)
             Began as a Formicid Cinder Acolyte on Jan 19, 2024.
             Was a Believer of Ignis.
             Slain by a large abomination (15 damage)
             ... on level 1 of the Abyss.
             The game lasted 00:21:38 (11297 turns).

SnakkuSnakku7 the Basher (Formicid Cinder Acolyte) Turns: 11297, Time: 00:21:39

Health: -4/145     AC: 33    Str: 24    XL:     12   Next: 22%
Magic:  15/15      EV:  2    Int: 14    God:    Ignis [**....]
Gold:   435        SH:  0    Dex:  9    Spells: 16/16 levels left

rFire   + . .        a - +3 dire flail (protect)
rCold   + . .        (no shield)
rNeg    . . .        N - melded +0 plate armour
rPois   +            (helmet unavailable)
rElec   .            w - melded +0 cloak
rCorr   .            (gloves currently unavailable)
SInv    .            (boots currently unavailable)
Will    +....        (no amulet)
Stlth   +            l - ring of protection from cold
HPRegen 0.44/turn    u - +5 ring of evasion
MPRegen 0.14/turn

%: no passive effects
@: brilliant, tree-form, fiery-armoured
A: stationary, stasis, torment immunity, boosted hp, permanent stasis, dig
shafts and tunnels, (antennae 3), four strong arms
a: Renounce Religion, Fiery Armour, Foxfire Swarm, Rising Flame


You were on level 1 of the Abyss.
You worshipped Ignis.
Ignis was pleased with you.
You were a tree.
You visited 2 branches of the dungeon, and saw 12 of its levels.
You visited the Abyss 1 time.
You also visited: Ossuary.

You collected 435 gold pieces.

Inventory:

Hand Weapons
 a - a +3 dire flail of protection (weapon)
Missiles
 g - 5 javelins
 v - 14 poisoned darts (quivered)
 G - a throwing net
 O - a curare-tipped dart
Armour
 h - a +1 leather armour of fire resistance
 w - a +0 cloak (melded)
 N - a +0 plate armour (melded)
Jewellery
 l - a ring of protection from cold (left branch)
 u - a +5 ring of evasion (right branch)
 y - a ring of protection from fire
Wands
 b - a wand of paralysis (8)
 r - a wand of flame (51)
 J - a wand of light (7)
 P - a wand of polymorph (4)
Scrolls
 e - 5 scrolls of blinking {unknown}
 m - 11 scrolls of identify {unknown}
 p - 3 scrolls of poison {unknown}
 q - 2 scrolls of noise {unknown}
 s - a scroll of immolation {unknown}
 t - 3 scrolls of enchant weapon {unknown}
 z - 2 scrolls of fog {unknown}
 A - a scroll of amnesia {unknown}
 B - 2 scrolls of fear {unknown}
 C - 2 scrolls of vulnerability {unknown}
 D - 2 scrolls of teleportation {unknown}
 E - a scroll of acquirement {unknown}
 H - 2 scrolls of enchant armour {unknown}
 I - 3 scrolls of revelation {unknown}
Potions
 c - 4 potions of magic
 d - a potion of mutation {unknown}
 f - 3 potions of heal wounds {unknown}
 i - 10 potions of curing
 j - 2 potions of lignification
 k - a potion of berserk rage {unknown}
 n - 2 potions of haste {unknown}
 o - 2 potions of ambrosia {unknown}
 x - 6 potions of brilliance
 F - a potion of resistance {unknown}
 K - a potion of might {unknown}
 L - 3 potions of degeneration {unknown}
 M - a potion of attraction {unknown}


   Skills:
 - Level 10.0 Fighting
 - Level 4.9(10.1) Axes
 - Level 13.6(14.0) Maces & Flails
 - Level 3.4 Throwing
 + Level 6.5 Armour
 - Level 2.5 Spellcasting
 - Level 3.8 Fire Magic
 - Level 4.0 Evocations


You had 16 spell levels left.
You didn't know any spells.
Your spell library contained the following spells:

 Spells                   Type           Power      Damage    Failure   Level
 Scorch                   Fire           38%        2d6       7%          2
 Sting                    Conj/Alch      8%         1d3       22%         1
 Cigotuvi's Dreadful Rot  Necr/Alch/Air  4%         N/A       34%         2
 Lesser Beckoning         Tloc           4%         N/A       34%         2
 Dazzling Flash           Conj/Hex       4%         N/A       56%         3
 Gell's Gravitas          Tloc           2%         N/A       56%         3
 Hailstorm                Conj/Ice       2%         3d5       56%         3
 Mephitic Cloud           Conj/Alch/Air  2%         N/A       56%         3
 Summon Ice Beast         Ice/Summ       2%         N/A       56%         3
 Teleport Other           Tloc           2%         N/A       56%         3
 Curse of Agony           Necr           2%         N/A       99%         5
 Silence                  Hex/Air        1%         N/A       99%         5
 Sculpt Simulacrum        Ice/Alch       1%         N/A       100%        6
 Maxwell's Capacitive Co  Air            1%         ∞         100%        8


Dungeon Overview and Level Annotations

Branches:
Dungeon (11/15)            Temple (1/1) D:6             Orc (0/2) D:11
Ossuary (visited)
   Lair: D:8-11

Altars:
Ashenzari
Cheibriados
Dithmenos
Elyvilon
Fedhas
Gozag
Hepliaklqana
Kikubaaqudgha
Makhleb
Nemelex Xobeh
Okawaru
Qazlal
Ru
Sif Muna
Trog
Uskayaw
Vehumet
Wu Jian
Xom
Yredelemnul
Zin
The Shining One

Shops:
D:7 =

Annotations:
D:11 Erolcha


Innate Abilities, Weirdness & Mutations

You are a tree.
Your roots penetrate the ground, keeping you stationary.
You cannot be teleported.
You are immune to unholy pain and torment.
Your maximum health is greatly increased.
Your equipment is partially melded.
You cannot be hasted, slowed, berserked, paralysed or teleported.
You can dig through walls and to a lower floor.
((You have a pair of large antennae on your head. (SInv)))
Your four strong arms can wield two-handed weapons with a shield.


Message History

The sixfirhy is severely wounded.
You miss the sixfirhy.
The sixfirhy is severely wounded.
The orange demon stings you from afar.
You are poisoned.
The orange demon poisons you!
You sock the sixfirhy!
You kill the sixfirhy!
You feel very sick.
The orange demon stings you but does no damage.
Your Armour skill increases to level 6!
You feel very sick.
You feel sick.
A great orb of eyes comes into view.
You feel very sick.
The great orb of eyes turns its gaze towards you.
You feel sick.
You feel sick.
You feel sick. The great orb of eyes gazes at you.
You are confused.
It was a potion of curing.
You feel better.
You closely miss the large abomination.
The large abomination is lightly damaged.
The large abomination hits you!!
* * * LOW HITPOINT WARNING * * *
Okay, then.
It was a potion of magic.
Magic courses through your body. The orange demon barely misses you.
The large abomination hits you!
* * * LOW HITPOINT WARNING * * *
The large abomination is burned by your cloak of flames.
The large abomination is moderately damaged.
It was a potion of brilliance.
You feel clever all of a sudden.
The large abomination barely misses you.
It was a potion of lignification.
You turn into a tree.
Your +0 cloak melds into your body.
Your +0 plate armour melds into your body.
Your roots penetrate the ground.
The large abomination hits you!
You die...

.## # #. ##..###
.#..# . ###....#.
##. ..#.
##.#.#.#.#.##.#..§.#
.....#. .#......#. {
#... # ......##.#
#..###..#.... #.
#.♣XG4..##..###
#.....#...# 4X.
#...#.###.#.#.##
......#### .#.. ..
...#... #. # #.##.
.. ##.. ### ## # . .
##. ##. # .. ##


You could see a great orb of eyes, an orange demon and a large abomination.

Vanquished Creatures
  2 two-headed ogres
  A sixfirhy (Abyss:1)
  A skeletal warrior (D:11)
  A deep elf pyromancer (D:9)
  A manticore (D:11)
  A black mamba (shapeshifter) (Abyss:1)
  A komodo dragon (D:11)
  A hornet (D:9)
  A shadow (D:9)
  3 wyverns
  22 yaks
  2 wraiths (D:9)
  A golden eye (Abyss:1)
  Menkaure (Ossuary)
  Edmund (D:4)
  2 small abominations (Abyss:1)
  3 acid dragons
  2 water moccasins (D:6)
  5 ice beasts
  2 orc warriors (D:9)
  2 ogres (D:5)
  2 sky beasts (D:7)
  2 phantoms
  4 centaurs
  2 kobold brigands
  4 bullfrogs
  A gnoll sergeant (D:7)
  A scorpion (D:5)
  5 wights (D:9)
  4 howler monkeys
  An electric eel (D:11)
  2 bombardier beetles (D:5)
  6 hounds
  4 jellies
  5 orc priests
  2 gnoll boudas
  6 iguanas
  4 orc wizards
  3 mummies (Ossuary)
  17 gnolls
  7 adders
  A shadow imp (D:7)
  2 ribbon worms
  2 dart slugs
  15 orcs
  3 endoplasms
  A giant cockroach (D:2)
  5 gnoll zombies (Ossuary)
  6 hobgoblins
  4 jackals (D:1)
  8 kobolds
  5 quokkas
  8 ball pythons
  4 bats
  6 frilled lizards
  2 gnoll skeletons (Ossuary)
  5 goblins
  8 goblin skeletons (Ossuary)
  8 goblin zombies (Ossuary)
  2 hobgoblin skeletons (Ossuary)
  2 hobgoblin zombies (Ossuary)
  6 kobold skeletons (Ossuary)
  6 kobold zombies (Ossuary)
  4 orc skeletons (Ossuary)
  An orc zombie (Ossuary)
  6 rats
  3 rat skeletons (Ossuary)
  3 rat zombies (Ossuary)
264 creatures vanquished.

Vanquished Creatures (others)
  53 foxfires
53 creatures vanquished.

Grand Total: 317 creatures vanquished

Notes
Turn   | Place    | Note
-------+----------+-------------------------------------------
     0 | D:1      | SnakkuSnakku7 the Formicid Cinder Acolyte began the quest
                  | for the Orb.
     0 | D:1      | Reached XP level 1. HP: 18/18 MP: 2/2
   169 | D:1      | Reached XP level 2. HP: 24/24 MP: 4/4
   327 | D:1      | Reached XP level 3. HP: 14/30 MP: 5/5
   534 | D:1      | Got the Annotations on the Venomous Cumulonimbus
  1237 | D:2      | Reached XP level 4. HP: 37/37 MP: 6/6
  1897 | D:3      | Found a blossoming altar of Fedhas.
  2173 | D:3      | Reached XP level 5. HP: 21/42 MP: 8/8
  2371 | D:3      | Found a faded altar of an unknown god.
  2372 | D:3      | Found the Hermit's Pendant {Faith Invo=14 Evo=0 MP+5}
  2522 | D:4      | Noticed Edmund
  2612 | D:4      | Noticed a phantom
  2624 | D:4      | Killed a phantom
  2625 | D:4      | Reached skill level 1 in Throwing
  2625 | D:4      | Reached XP level 6. HP: 46/48 MP: 9/9
  2955 | D:4      | Reached XP level 7. HP: 54/54 MP: 10/10
  2962 | D:4      | Found a sand-covered staircase.
  2990 | D:4      | Killed Edmund
  2991 | D:4      | Reached skill level 1 in Maces & Flails
  3076 | Ossuary  | Entered an ossuary
  3219 | Ossuary  | Reached skill level 2 in Maces & Flails
  3364 | Ossuary  | Noticed Menkaure
  3371 | Ossuary  | Killed Menkaure
  3372 | Ossuary  | Reached skill level 3 in Maces & Flails
  3589 | D:4      | Reached skill level 4 in Maces & Flails
  3693 | D:4      | Reached XP level 8. HP: 60/60 MP: 11/11
  3944 | D:5      | Entered Level 5 of the Dungeon
  3980 | D:5      | Reached skill level 5 in Maces & Flails
  4110 | D:5      | Found a shadowy altar of Dithmenos.
  4132 | D:5      | Reached skill level 6 in Maces & Flails
  4257 | D:5      | Found an ancient bone altar of Kikubaaqudgha.
  4443 | D:5      | Reached skill level 7 in Maces & Flails
  4662 | D:6      | Reached XP level 9. HP: 60/65 MP: 12/12
  4736 | D:6      | Reached skill level 8 in Maces & Flails
  5006 | D:6      | Reached skill level 9 in Maces & Flails
  5120 | D:6      | Found a staircase to the Ecumenical Temple.
  5126 | Temple   | Entered the Ecumenical Temple
  5355 | D:6      | Noticed a two-headed ogre
  5751 | D:7      | Reached skill level 10 in Maces & Flails
  5877 | D:7      | Found a glowing golden altar of the Shining One.
  5913 | D:7      | Found a white marble altar of Elyvilon.
  6166 | D:7      | Reached XP level 10. HP: 65/69 MP: 13/13
  6211 | D:7      | Found Cujull's One-of-a-Kind Rings.
  6252 | D:7      | Reached skill level 11 in Maces & Flails
  6746 | D:8      | Found an ornate altar of the Wu Jian Council.
  6813 | D:8      | Found a hazy altar of Hepliaklqana.
  6858 | D:8      | Noticed a two-headed ogre
  6859 | D:8      | Reached skill level 1 in Evocations
  7091 | D:8      | Killed a two-headed ogre
  7092 | D:8      | Reached skill level 12 in Maces & Flails
  7747 | D:9      | Reached skill level 13 in Maces & Flails
  8006 | D:9      | Noticed a deep elf pyromancer
  8015 | D:9      | Killed a deep elf pyromancer
  8016 | D:9      | Reached XP level 11. HP: 77/77 MP: 14/14
  8226 | D:9      | Reached skill level 5 in Fighting
  8676 | D:9      | Found a radiant altar of Vehumet.
  8920 | D:10     | Entered Level 10 of the Dungeon
  8979 | D:10     | Found a shimmering altar of Xom.
  9576 | D:10     | Found a broken altar of Ashenzari.
  9674 | D:10     | Found an iron altar of Okawaru.
  9728 | D:10     | Noticed a two-headed ogre
  9749 | D:10     | Killed a two-headed ogre
  9955 | D:10     | Found a glowing silver altar of Zin.
  9955 | D:10     | Noticed an angel
  9997 | D:10     | Found a sparkling altar of Nemelex Xobeh.
 10272 | D:11     | Reached skill level 10 in Fighting
 10352 | D:11     | Noticed a manticore
 10361 | D:11     | Killed a manticore
 10572 | D:11     | Noticed a skeletal warrior
 10572 | D:11     | Noticed a skeletal warrior
 10573 | D:11     | Noticed a manticore
 10573 | D:11     | Noticed a skeletal warrior
 10573 | D:11     | Noticed a skeletal warrior
 10573 | D:11     | Noticed a skeletal warrior
 10668 | D:11     | Killed a skeletal warrior
 10669 | D:11     | Reached XP level 12. HP: 40/97 MP: 15/15
 11104 | D:11     | Found a staircase to the Orcish Mines.
 11110 | D:11     | Noticed Erolcha
 11113 | D:11     | Noticed a boulder beetle
 11114 | Abyss:1  | Cast into level 1 of the Abyss (Erolcha)
 11190 | Abyss:1  | Noticed a purple draconian shifter
 11224 | Abyss:1  | Reached skill level 5 in Armour
 11260 | Abyss:1  | Noticed a sixfirhy
 11284 | Abyss:1  | Killed a sixfirhy
 11287 | Abyss:1  | Noticed a great orb of eyes
 11297 | Abyss:1  | Slain by a large abomination

Illustrated notes

Levels and vault maps discovered:
D:1:      saegor_arrival_simple_a, layout_basic, minmay_indecisive_spiral
D:2:      layout_rooms
D:3:      layout_loops_corners, mainiacjoe_overflow_surrounded_room,
          hellmonk_guarded_unrand_hermit
D:4:      layout_loops_ring, chequers_ossuary_entry_cave, uniq_edmund
D:5:      layout_rooms, kiku_gazebo_garden_becter, grunt_dithmenos_shadows
D:6:      minmay_inner_zag, layout_rooms, minmay_temple_entry_enclosed_plants,
          serial_rivers, chequers_serial_rivers_large_b,
          chequers_serial_rivers_small_b, chequers_serial_rivers_micro_a,
          chequers_serial_rivers_marsh, chequers_serial_rivers_small_3,
          chequers_serial_rivers_micro_b
D:7:      layout_loops_ring, elyvilon_altar_5, tso_oasis_becter,
          grunt_ministairs_1, nicolae_shop_unique_rings
D:8:      layout_cave_pods, mainiacjoe_overflow_catwalk, lemuel_crystal_altar
D:9:      layout_basic, kennysheep_mini_moat
D:10:     layout_irregular_city, mainiacjoe_overflow_concentric_impassable,
          zin_angel, old_standard_altar, lemuel_tele_altar, ashenzari_altar_1
D:11:     nzn_winding_woodlands_medium [nzn_winding_woodlands_5x5_checkerboard,
          nzn_winding_woodlands_5x15_pockets, nzn_winding_woodlands_5x5_three,
          nzn_winding_woodlands_hourglass, nzn_winding_woodlands_center_garden,
          nzn_winding_woodlands_5x5_default,
          nzn_winding_woodlands_5x5_open_star,
          nzn_winding_woodlands_5x15_jagged,
          nzn_winding_woodlands_5x5_perimeter], layout_basic,
          dpeg_lair_monsters, orc_0_dummy, uniq_erolcha, uniq_sonja
Temple:   chequers_temple_sunken
Abyss:1:  base:
D:11

Skill      XL: |  1  2  3  4  5  6  7  8  9 10 11 12 |
---------------+-------------------------------------+-----
Spellcasting   | 2 |  2.5
Fighting       | 4 10 | 10.0
Axes           | 4 |  4.9
Throwing       | 1 2 3 |  3.4
Maces & Flails | 4 7 10 13 | 13.6
Evocations     | 4 |  4.0
Armour         | 4 6 |  6.5
Fire Magic     | |  3.8

Action                     |  1- 3 |  4- 6 |  7- 9 | 10-12 || total
---------------------------+-------+-------+-------+-------++-------
  Melee: Hand axe          |   110 |   118 |    15 |       ||   243
         Punch             |     1 |     2 |     3 |     4 ||    10
         Dire flail        |       |       |   342 |   404 ||   746
  Throw: Dart              |       |     6 |    21 |    16 ||    43
 Invoke: Fiery Armour      |     1 |       |     1 |     1 ||     3
         Foxfire Swarm     |       |     1 |     2 |     1 ||     4
Ability: Dig               |       |       |     2 |       ||     2
  Evoke: Wand              |       |       |     2 |    14 ||    16
    Use: Potion            |       |       |       |     4 ||     4
   Stab: Paralysed         |       |       |       |     4 ||     4
         Invisible         |       |       |       |     4 ||     4
 Armour: Robe              |    16 |       |       |       ||    16
         Ring mail         |    17 |       |       |       ||    17
         Chain mail        |    47 |    79 |   162 |    69 ||   357
         Plate armour      |       |       |       |   171 ||   171
         Skin              |       |       |       |     1 ||     1
  Dodge: Dodged            |    57 |    66 |   154 |   150 ||   427
